 Dungeon Crawl Stone Soup version 0.19.0-19-g8c6edcc (webtiles) character file.

1481 lorenzova the Skirmisher (level 8, -11/80 HPs)
             Began as a Deep Dwarf Monk on Nov 14, 2016.
             Mangled by an ogre
             ... wielding a +0 giant club
              (13 damage)
             ... on level 7 of the Dungeon.
             The game lasted 00:14:19 (5714 turns).

lorenzova the Skirmisher (Deep Dwarf Monk)          Turns: 5714, Time: 00:14:19

Health: -11/80     AC: 11    Str: 18    XL:     8   Next: 50%
Magic:  7/7        EV: 11    Int: 10    God:
Gold:   297        SH:  0    Dex: 15    Spells: 0 memorised, 7 levels left

rFire  . . .     SeeInvis .     t - -2 great sword (curse)
rCold  . . .     Gourm    .     B - +0 chain mail
rNeg   . . .     Faith    .     (shield currently unavailable)
rPois  .         Spirit   .     C - +0 helmet
rElec  .         Reflect  .     (no cloak)
rCorr  .         Harm     .     (no gloves)
MR     +....                    (no boots)
Stlth  ..........               (no amulet)
                                (no ring)
                                (no ring)

@: non-regenerating
A: damage resistance, recharge devices, sense surroundings 1, slow regeneration
3
a: Device Recharging


You were on level 7 of the Dungeon.
You were not hungry.

You visited 2 branches of the dungeon, and saw 10 of its levels.
You also visited: Sewer.

You collected 297 gold pieces.

Inventory:

Hand Weapons
 a - a +1 hand axe
 t - a cursed -2 great sword (weapon)
 A - a +2 hand axe of freezing
Armour
 b - a +0 robe
 i - a +0 leather armour
 s - a +0 scale mail
 B - a +0 chain mail (worn)
 C - a +0 helmet (worn)
Jewellery
 F - an uncursed ring of poison resistance {unknown}
Wands
 c - a wand of heal wounds (0/9)
Scrolls
 k - 5 scrolls of teleportation
 l - 2 scrolls of fog
 n - a scroll of enchant armour
 w - 2 scrolls of blinking
 x - a scroll of enchant weapon
Potions
 e - 7 potions of curing
 g - a potion of flight {unknown}
 h - a potion of ambrosia {unknown}
 j - 2 potions of lignification {unknown}
 p - a potion of magic
 q - 4 potions of might {unknown}
 r - 3 potions of mutation {unknown}
 u - 3 potions of brilliance {unknown}
 v - 2 potions of heal wounds {unknown}
Books
 y - the Tome of the Inquisitive Places
   (You found it on level 5 of the Dungeon)

   Spells                             Type                      Level
   a - Beastly Appendage              Transmutation                1
   b - Petrify                        Transmutation/Earth          4
   c - Summon Demon                   Summoning                    5
   d - Spellforged Servitor           Conjuration/Summoning        7
 D - a book of Frost

   Spells                             Type                      Level
   a - Freeze                         Ice                          1
   b - Throw Frost                    Conjuration/Ice              2
   c - Ozocubu's Armour               Charms/Ice                   3
   d - Throw Icicle                   Conjuration/Ice              4
   e - Summon Ice Beast               Ice/Summoning                4
Comestibles
 d - 4 bread rations
 f - a beef jerky
 m - 4 fruits
 o - a slice of pizza
 z - 4 meat rations
 E - 8 chunks of flesh


   Skills:
 * Level 7.3 Fighting
 - Level 3.2 Axes
 + Level 5.6 Armour
 + Level 6.8 Dodging
 - Level 2.4 Stealth


You had 7 spell levels left.
You didn't know any spells.

Dungeon Overview and Level Annotations

Branches:
Dungeon (9/15)             Temple (1/1) D:5
   Lair: D:8-11         Orc: D:9-12

Altars:
Ashenzari
Cheibriados
Dithmenos
Elyvilon
Fedhas
Gozag
Hepliaklqana
Kikubaaqudgha
Nemelex Xobeh
Okawaru
Qazlal
Ru
Sif Muna
Trog
Uskayaw
Vehumet
Xom
Yredelemnul
The Shining One

Annotations:
D:2 1 runed door
D:3 Sigmund


Innate Abilities, Weirdness & Mutations

You are resistant to damage.
You can recharge devices by infusing magical energy.
You passively map a small area around you.
You do not regenerate.


Message History

The ogre hits you but does no damage.
Your chain mail prevents you from hitting the ogre.
The ogre is heavily wounded.
The quokka bites you but does no damage.
The ogre hits you with a giant club!
* * * LOW HITPOINT WARNING * * *
The quokka closely misses you.
You are too injured to fight recklessly!
You are too injured to fight recklessly!
You are too injured to fight recklessly!
You slash the ogre!
The ogre is almost dead.
The quokka bites you but does no damage.
The ogre hits you with a giant club!!
* * * LOW HITPOINT WARNING * * *
The quokka bites you but does no damage.
You barely miss the ogre.
The ogre is almost dead.
The ogre hits you with a giant club!
You die...

, , #..........
.......... ,
,,,, ..........
,, ......... .
......... , ..##
#.......# *
.....##O.....#.
* ,
.......@r......
*
,.......>....###
* ,
...###...>### ,
* . * ##..## **
* ** ..## * .##
, .# #


You could see an ogre and a quokka.

Vanquished Creatures
  Pikel (D:4)
  Duvessa (D:5)
  An ice beast (D:4)
  An ogre (D:8)
  A centaur (D:5)
  Dowan (D:5)
  A scorpion (D:8)
  A crimson imp (D:5)
  2 orc priests (D:3)
  3 hounds
  2 orc wizards
  An iguana (D:4)
  2 worker ants (D:4)
  4 gnolls (D:2)
  10 adders
  3 oozes
  2 adder zombies (D:6)
  3 dart slugs
  3 leopard geckos
  19 orcs
  4 giant cockroaches
  8 goblins
  9 hobgoblins
  18 jackals
  10 kobolds
  A quokka (D:5)
  3 ball pythons (Sewer)
  6 bats
  11 frilled lizards
  A jackal skeleton (D:3)
  A leopard gecko skeleton (D:4)
  A leopard gecko zombie (D:5)
  A quokka skeleton (D:5)
  12 rats
  3 plants (Sewer)
151 creatures vanquished.

Vanquished Creatures (others)
  A human (D:3)
  A plant (Sewer)
2 creatures vanquished.

Grand Total: 153 creatures vanquished

Notes
Turn   | Place    | Note
-------+----------+-------------------------------------------
     0 | D:1      | lorenzova the Deep Dwarf Monk began the quest for the Orb.
     0 | D:1      | Reached XP level 1. HP: 20/20 MP: 1/1
   200 | D:1      | Reached XP level 2. HP: 27/27 MP: 2/2
   270 | D:1      | Reached skill level 3 in Fighting
   554 | D:1      | Reached skill level 1 in Armour
  1133 | D:2      | Reached XP level 3. HP: 33/34 MP: 3/3
  1387 | D:2      | HP: 1/34 [gnoll/halberd (10)]
  1389 | D:2      | Reached XP level 4. HP: 2/43 MP: 4/4
  1977 | D:2      | Found a runed door.
  2173 | D:3      | Noticed Sigmund
  2467 | D:3      | Reached skill level 4 in Fighting
  2467 | D:3      | Reached XP level 5. HP: 27/50 MP: 5/5
  2733 | D:3      | Found a runed door.
  2733 | D:3      | Noticed a human
  2736 | D:3      | Found a basalt altar of Yredelemnul.
  2806 | D:3      | Killed a human
  3012 | D:4      | Found a glowing drain.
  3016 | Sewer    | Entered a sewer
  3204 | Sewer    | Reached XP level 6. HP: 20/58 MP: 5/5
  3819 | D:4      | Reached skill level 5 in Dodging
  3884 | D:4      | Noticed a slave
  3885 | D:4      | Noticed a slave
  3888 | D:4      | Noticed Pikel
  4030 | D:4      | Noticed a slave
  4033 | D:4      | Noticed a slave
  4051 | D:4      | Killed Pikel
  4051 | D:4      | Reached skill level 5 in Fighting
  4051 | D:4      | Reached XP level 7. HP: 52/68 MP: 6/6
  4243 | D:4      | Reached skill level 6 in Fighting
  4359 | D:5      | Entered Level 5 of the Dungeon
  4364 | D:5      | Found a staircase to the Ecumenical Temple.
  4375 | Temple   | Entered the Ecumenical Temple
  4619 | D:5      | Identified the Tome of the Inquisitive Places
  4785 | D:5      | Found a shadowy altar of Dithmenos.
  4850 | D:5      | Reached XP level 8. HP: 43/78 MP: 7/7
  4958 | D:5      | Noticed Dowan
  4958 | D:5      | Reached skill level 5 in Armour
  5060 | D:5      | Noticed Duvessa
  5096 | D:5      | Found a snail-covered altar of Cheibriados.
  5123 | D:5      | Killed Duvessa
  5144 | D:5      | Killed Dowan
  5370 | D:6      | Found a bloodstained altar of Trog.
  5504 | D:6      | You fall through a shaft for 3 floors!
  5596 | D:8      | Reached skill level 7 in Fighting
  5713 | D:7      | HP: 2/80 [ogre/giant club (20)]
  5714 | D:7      | Mangled by an ogre

Skill      XL: |  1  2  3  4  5  6  7  8 |
---------------+-------------------------+-----
Fighting       | 3 4 5 6 7 |  7.3
Armour         | 1 2 3 4 5 |  5.6
Dodging        | 4 5 6 |  6.8
Axes           | |  3.2
Stealth        | |  2.4

Action                   |  1- 3 |  4- 6 |  7- 9 || total
-------------------------+-------+-------+-------++-------
Melee: Hand axe          |   120 |   153 |       ||   273
       Great sword       |       |   226 |   211 ||   437
 Abil: Device Recharging |       |     1 |       ||     1
Evoke: Wand              |     1 |    10 |     4 ||    15
  Use: Scroll            |       |     7 |     3 ||    10
       Potion            |       |     1 |       ||     1
 Stab: Sleeping          |     4 |     5 |       ||     9
       Distracted        |     3 |       |       ||     3
  Eat: Chunk             |     1 |    10 |     7 ||    18
Armor: Robe              |    13 |       |       ||    13
       Leather armour    |     2 |    42 |       ||    44
       Scale mail        |       |   119 |    26 ||   145
       Chain mail        |       |       |   135 ||   135
Dodge: Dodged            |    81 |   370 |   167 ||   618
       Rpst.: Great sword |       |    86 |    66 ||   152
